Map: [ESL] Blackburn

Players

SpeCial - Winner!

  • Race: Terran Terran

ShoWTimE

  • Race: Protoss Protoss

Event: IEM Katowice 2022

VOD

Have the link to the VOD?

Description

Time

  • Played on: Feb. 24, 2022, 12:08 p.m.
  • Length: 9:44

All games in this series

Show
View Real Time Build Order
Export as new Build Order

SpeCial Terran - Winner!

Build Orders:  

Get SALT Encoding   

  12  0:00  SCV  
  13  0:12  SCV  
  14  0:18  Supply Depot  
  14  0:24  SCV  
  15  0:39  SCV  
  15  0:40  Barracks  
  16  0:45  Refinery  
  16  0:51  SCV  
  16  0:55  Refinery  
  17  1:03  SCV  
  18  1:15  SCV  
  19  1:26  Reaper  
  19  1:27  Orbital Command  
  19  1:32  Supply Depot  
  20  1:45  Factory  
  20  1:52  Bunker  
  20  1:57  SCV  
  21  2:02  Reaper  
  22  2:09  SCV  
  23  2:21  SCV  
  24  2:29  Factory Reactor  
  24  2:33  SCV  
  25  2:40  Command Center  
  25  2:45  SCV  
  25  2:49  Starport  
  26  2:57  SCV  
  28  3:02  Supply Depot  
  28  3:08  Hellion  
  28  3:11  Hellion  
  31  3:23  SCV  
  31  3:27  Viking  
  31  3:34  Widow Mine x2  
  37  3:35  SCV  
  37  3:47  SCV  
  38  3:53  Orbital Command  
  38  3:55  Widow Mine x2  
  42  3:57  Medivac  
  42  4:00  SCV  
  45  4:06  Armory  
  45  4:12  SCV  
  41  4:19  SCV  
  41  4:24  SCV  
  43  4:27  Bunker  
  43  4:30  Marine x2  
  45  4:32  Widow Mine, Medivac  
  45  4:35  SCV  
  45  4:36  SCV  
  51  4:47  SCV, Marine  
  51  4:48  Supply Depot, Marine  
  54  5:03  Command Center  
  54  5:09  SCV x2, Marine x2  
  54  5:10  Supply Depot  
  56  5:21  SCV x2  
  56  5:27  Widow Mine  
  58  5:34  SCV x2, Starport Tech Lab  
  58  5:35  Marine  
  59  5:37  Marine  
  59  5:39  Barracks  
  59  5:41  Barracks  
  60  5:46  SCV x2  
  60  5:48  Engineering Bay  
  62  5:53  Marine  
  62  5:55  Marine  
  64  5:58  SCV x2  
  66  6:05  Starport Reactor  
  66  6:10  SCV x2  
  66  6:11  Marine  
  67  6:13  Marine  
  67  6:15  Terran Infantry Weapons Level 1  
  67  6:16  Barracks, Refinery  
  67  6:17  Orbital Command  
  67  6:18  Barracks  
  68  6:21  Siege Tank  
  68  6:22  SCV  
  72  6:27  SCV  
  72  6:28  Marine  
  72  6:31  Marine  
  75  6:35  Barracks Tech Lab x2  
  71  6:43  Refinery  
  71  6:44  Supply Depot  
  71  6:46  Marine  
  72  6:48  Missile Turret  
  72  6:49  Marine  
  72  6:50  Supply Depot  
  72  6:52  Supply Depot  
  73  6:56  Marauder x2, Stimpack, Combat Shield  
  73  6:59  Siege Tank  
  80  7:01  SCV x2  
  80  7:02  SCV  
  80  7:04  Supply Depot, Marine  
  80  7:06  Barracks Tech Lab, Marine  
  80  7:07  Barracks Reactor  
  80  7:08  Medivac  
  87  7:12  Medivac  
  87  7:15  Supply Depot  
  89  7:17  Marauder  
  89  7:18  Marauder  
  89  7:22  Marine  
  92  7:24  Marine  
  92  7:25  Supply Depot  
  92  7:26  Barracks  
  92  7:27  Barracks, Marine  
  94  7:35  Orbital Command  
  93  7:37  Siege Tank  
  93  7:38  Marine  
  93  7:39  Marine  
  93  7:40  SCV x2, Marine  
  93  7:42  Marine  
  102  7:44  Marine x2  
  102  7:48  Medivac  
  104  7:52  SCV x2  
  106  8:02  Marine x4  
  106  8:03  Marine x2  
  106  8:04  SCV x2  
  113  8:07  Marauder  
  113  8:09  Siege Tank  
  113  8:12  Marine  
  119  8:14  Marine  
  119  8:17  Medivac  
  119  8:18  Medivac  
  119  8:19  Marine  
  124  8:20  Marine x3  
  124  8:21  Marauder  
  124  8:23  Marine  
  124  8:24  Supply Depot  
  130  8:28  Marine, Concussive Shells  
  130  8:30  Marine  
  130  8:32  Marine  
  132  8:37  Marine  
  132  8:39  Marine x2  
  133  8:45  Marine  
  133  8:46  Marauder x2, Marine  
  133  8:48  Marine  
  140  8:49  Supply Depot, Marine  
  141  8:58  Supply Depot  
  141  9:00  Marine x3, Siege Tank  
  147  9:03  Marine  
  147  9:04  Marine  
  147  9:08  Marine  
  149  9:10  Marine x3  
  152  9:18  Marine x3  
  152  9:21  Marine  
  152  9:22  Marine  
Show
View Real Time Build Order
Export as new Build Order

ShoWTimE Protoss 

Build Orders: 1 Gate Expand, Oracle Opening 

Get SALT Encoding   

  12  0:00  Probe  
  13  0:12  Probe  
  14  0:17  Pylon  
  14  0:24  Probe (Chrono Boost)  
  15  0:36  Gateway, Probe (Chrono Boost)  
  16  0:44  Probe (Chrono Boost)  
  16  0:47  Assimilator  
  17  0:51  Probe  
  18  1:03  Probe  
  19  1:15  Probe  
  20  1:23  Cybernetics Core  
  20  1:33  Nexus  
  20  1:36  Probe  
  21  1:43  Pylon  
  21  1:48  Probe  
  21  1:52  Assimilator  
  22  1:59  Stalker (Chrono Boost)  
  22  2:03  Probe  
  25  2:15  Probe  
  26  2:27  Probe  
  27  2:30  Stargate  
  27  2:33  Stalker (Chrono Boost)  
  29  2:39  Probe  
  29  2:44  Shield Battery  
  30  2:45  Probe  
  31  2:51  Probe, Warp Gate  
  31  2:56  Stalker (Chrono Boost)  
  33  3:01  Probe  
  33  3:03  Probe  
  35  3:13  Probe  
  35  3:16  Probe  
  37  3:25  Probe  
  38  3:28  Probe  
  38  3:30  Oracle (Chrono Boost)  
  42  3:37  Probe  
  42  3:40  Probe  
  44  3:48  Pylon  
  44  3:49  Probe  
  44  3:52  Twilight Council, Probe  
  46  4:04  Gateway  
  46  4:06  Gateway  
  46  4:07  Probe x2  
  45  4:19  Probe x2  
  45  4:20  Blink (Chrono Boost)  
  47  4:29  Pylon  
  48  4:31  Probe  
  48  4:37  Assimilator  
  48  4:38  Probe  
  49  4:43  Nexus  
  50  4:45  Probe  
  50  4:49  Stalker  
  50  4:50  Probe  
  53  5:00  Stalker x2  
  53  5:01  Probe  
  57  5:08  Pylon  
  57  5:09  Probe  
  58  5:16  Stalker  
  58  5:18  Probe  
  61  5:21  Probe  
  61  5:27  Stalker  
  63  5:30  Probe  
  63  5:46  Stalker x2  
  66  5:51  Probe  
  66  5:55  Pylon  
  66  5:56  Probe  
  68  6:00  Probe  
  68  6:08  Probe  
  69  6:15  Probe x2  
  69  6:16  Stalker  
  72  6:21  Forge  
  72  6:22  Probe  
  73  6:27  Probe  
  73  6:29  Stalker  
  73  6:34  Stalker  
  73  6:35  Charge  
  73  6:38  Probe (Chrono Boost)  
  73  6:41  Probe (Chrono Boost)  
  73  6:43  Probe (Chrono Boost)  
  74  6:48  Protoss Ground Weapons Level 1 (Chrono Boost)  
  74  6:51  Probe (Chrono Boost)  
  74  6:53  Probe (Chrono Boost)  
  77  6:54  Probe (Chrono Boost)  
  77  6:58  Probe x2 (Chrono Boost)  
  77  6:59  Probe (Chrono Boost)  
  78  7:04  Probe  
  78  7:07  Pylon, Probe  
  80  7:13  Probe  
  80  7:14  Gateway  
  80  7:16  Probe  
  80  7:18  Gateway  
  81  7:23  Gateway  
  81  7:29  Gateway  
  78  7:32  Probe  
  78  7:36  Sentry x3  
  85  7:37  Gateway  
  85  7:39  Shield Battery  
  85  7:41  Probe x2  
  85  7:42  Pylon  
  87  7:44  Probe  
  87  7:50  Shield Battery  
  88  8:00  Probe  
  88  8:04  Zealot  
  88  8:05  Zealot x2  
  95  8:10  Robotics Facility  
  95  8:11  Probe x2  
  97  8:14  Zealot x2  
  97  8:17  Pylon  
  101  8:20  Pylon  
  101  8:22  Nexus  
  101  8:23  Pylon  
  101  8:33  Zealot x3  
  101  8:34  Zealot  
  109  8:36  Phoenix  
  109  8:38  Zealot x3  
  103  8:52  Stalker  
  103  8:53  Stalker  
  103  8:54  Stalker x2  
  107  8:59  Observer (Chrono Boost)  
  107  9:00  Stalker x2  
  112  9:06  Pylon  
  112  9:09  Zealot x2  
  116  9:21  Sentry x2  
  116  9:22  Zealot x2  

Tags
 
Add a new tag
Caveats
  • Supply blocks, unpowered buildings, or Contaminate may cause inaccurate times.
  • Supply counts are checked every 10 seconds.